 Dungeon Crawl Stone Soup version 0.31-a0-300-g4ac5daa9c1 (webtiles) character file.

Game seed: 3521829906474601795

88 Angani the Changeling (level 4, -9/37 HPs)
             Began as a Draconian Shapeshifter on July 16, 2023.
             Killed by divine providence
             ... invoked by an orc priest
              (13 damage)
             ... on level 3 of the Dungeon.
             The game lasted 00:02:25 (1179 turns).

Angani the Changeling (Draconian Shapeshifter)      Turns: 1179, Time: 00:02:26

Health: -9/37      AC:  5    Str: 17    XL:     4   Next: 30%
Magic:  4/4        EV: 12    Int:  9    God:
Gold:   74         SH:  0    Dex: 13    Spells: 3/3 levels left

rFire   . .          .
                       - Unarmed
rCold   . . .        (no shield)
rNeg    . . .        (body armour unavailable)
rPois   .            (helmet currently unavailable)
rElec   .            (cloak currently unavailable)
rCorr   .            (gloves currently unavailable)
SInv    .            (boots currently unavailable)
Will    .....        (no amulet)
Stlth   +            (no ring)
HPRegen 0.26/turn    (no ring)
MPRegen 0.09/turn

%: no passive effects
@: beast-form
A: beast (slay +2), AC +5, unfitting armour, cold-blooded
a: Begin Untransformation


You were on level 3 of the Dungeon.
You were a hulking beast.
You visited 1 branch of the dungeon, and saw 3 of its levels.

You collected 74 gold pieces.

Inventory:

Armour
 j - a +2 pair of boots
Talismans
 b - a beast talisman
Scrolls
 c - a scroll of immolation {unknown}
 f - 2 scrolls of vulnerability {unknown}
 g - 2 scrolls of identify {unknown}
 h - a scroll of blinking {unknown}
Potions
 a - a potion of lignification
 d - a potion of magic {unknown}
 e - a potion of heal wounds {unknown}
 i - a potion of degeneration {unknown}


   Skills:
 - Level 2.5 Fighting
 - Level 2.1 Dodging
 + Level 3.3 Unarmed Combat
 + Level 3.7 Shapeshifting


You had 3 spell levels left.
You didn't know any spells.
Your spell library was empty.

Dungeon Overview and Level Annotations

Branches:
Dungeon (3/15)

Altars:
Xom


Innate Abilities, Weirdness & Mutations

You are a hulking beast.
Your limbs bulge with bestial killing power. (Slay +2)
Your plain brown scales are hard. (AC +5)
You cannot fit into any form of body armour.
You are cold-blooded and may be slowed by cold attacks.


Message History

Unknown command.
You closely miss the orc.
The orc is moderately wounded.
The orc barely misses you.
You hit the orc but do no damage. You tail-slap the orc.
You kill the orc!
No target in view!
You climb downwards.
The orc closely misses you. The orc misses you.
There is a stone staircase leading up here.
Unknown command.
The orc barely misses you.
You climb upwards.
There is a stone staircase leading down here.
Unknown command.
You hit the orc.
The orc is lightly wounded.
The orc hits you with a +0 hand axe.
You hit the orc.
You kill the orc!
No target in view!
You climb downwards.
There is a stone staircase leading up here.
Unknown command.
The orc priest mumbles some strange prayers to Beogh against you.
Beogh smites you!
Things that are here:
a +0 short sword; a kobold corpse You closely miss the orc priest.
The orc priest hits you but does no damage.
You punch the orc priest!
The orc priest is heavily wounded.
The orc priest mumbles some strange prayers to Beogh against you.
Beogh smites you!
* * * LOW HITPOINT WARNING * * *
You are too injured to fight recklessly!
You hit the orc priest.
The orc priest is almost dead.
The orc priest calls down the wrath of Beogh upon you.
Beogh smites you!
You die...

####### ### ....... ..#
######## ...>. #.#
####......# ##... #.#
#......##.#
#....##.###.##.#.##.#
#..............#(##.#
[......##.###.####.##.#
..........# #.####.##.##
###.#########..oh<.##..#
# #....>######.#
#.....######.#
#............# ###
#......####..# ..#
#......####..# #.#
###.##.##....#
#.######.##.##.#.##
#............#.#.#


You could see an orc priest.

Vanquished Creatures
  4 adders (D:2)
  A dart slug (D:3)
  4 orcs
  5 ball pythons
  4 endoplasms
  A giant cockroach (D:2)
  2 goblins (D:1)
  4 hobgoblins
  2 jackals (D:1)
  A quokka (D:2)
  A bat (D:3)
  2 frilled lizards
  10 kobolds
  5 rats
46 creatures vanquished.

Notes
Turn   | Place    | Note
-------+----------+-------------------------------------------
     0 | D:1      | Angani the Draconian Shapeshifter began the quest for the
                  | Orb.
     0 | D:1      | Reached XP level 1. HP: 17/17 MP: 1/1
    87 | D:1      | Found a faded altar of an unknown god.
   184 | D:1      | Reached XP level 2. HP: 25/25 MP: 2/2
   507 | D:2      | Reached XP level 3. HP: 30/30 MP: 3/3
   679 | D:2      | Reached XP level 4. HP: 37/37 MP: 4/4
   825 | D:2      | Found a shimmering altar of Xom.
  1179 | D:3      | Killed from afar by an orc priest

Illustrated notes

Levels and vault maps discovered:
D:1:      minmay_arrival_statue_studded, layout_basic,
          hellmonk_ecumenical_altar_lost_god
D:2:      layout_basic, basic_altar
D:3:      layout_loops_cross, grunt_temple_overflow_open, serial_shops, shop,
          uniq_jessica, uniq_terence, uniq_grinder

Skill      XL: |  1  2  3 |
---------------+----------+-----
Dodging        | 2 |  2.1
Unarmed Combat | 3 |  3.3
Fighting       | |  2.5
Shapeshifting  | |  3.7

Action                     |  1- 3 |  4- 6 || total
---------------------------+-------+-------++-------
  Melee: Unarmed           |    68 |    34 ||   102
         Tailslap          |    10 |     2 ||    12
         Punch             |     3 |       ||     3
   Stab: Sleeping          |     2 |       ||     2
 Armour: Skin              |    17 |    16 ||    33
  Dodge: Dodged            |    41 |    24 ||    65
         Form:             |     1 |       ||     1
         Beast             |     1 |       ||     1

Table legend: (Time is in decaauts)
 A = Elapsed time spent in this place.
 B = Non-inter-level travel time spent in this place.
 C = Inter-level travel time spent in this place.
 D = Time resting spent in this place.
 E = Time spent auto-exploring this place.
 F = Levels seen in this place.
 G = Mean time per level.
                   A        B        C        D        E       F      G
               +--------+--------+--------+--------+--------+-----+--------+
         Total |   1177 |   1108 |     69 |     33 |    793 |   3 |  392.3 |
       Dungeon |   1177 |   1108 |     69 |     33 |    793 |   3 |  392.3 |
               +--------+--------+--------+--------+--------+-----+--------+

Top non-repeatable levels by time:
     D:2: 698 daAuts
     D:1: 372 daAuts
     D:3: 106 daAuts
